MLB
LOS ANGELES DODGERS @ MIAMI MARLINS
07/24/2020
 
TOP OF THE 1ST
Los Angeles Dodgers batting - Pitching for Miami Marlins : RHP Daniel Gossett
Pitching: RHP Daniel Gossett
Batting: RHB Jose Peraza 0-0: Called Strike
0-1: Called Strike
0-2: Strikes out looking
Batting: RHB Mookie Betts 0-0: SINGLE (Groundball, 56D, EV 96.9 MPH)
Batting: LHB Michael Brantley 0-0: Ball
Mookie Betts is caught stealing 2nd base 2-6
1-0: Called Strike
1-1: Ground out 4-3 (Groundball, 4, EV 102.5 MPH)
Top of the 1st over - 0 runs, 1 hit, 0 errors, 0 left on base; Los Angeles 0 - Miami 0
BOTTOM OF THE 1ST
Miami Marlins batting - Pitching for Los Angeles Dodgers : RHP Marcus Stroman
Pitching: RHP Marcus Stroman
Batting: RHB Victor Robles 0-0: Ball
1-0: Ball
2-0: Bunt for hit to 2L - play at first, batter safe!
Batting: SHB Francisco Lindor 0-0: Ball
Victor Robles steals 2nd base
1-0: Swinging Strike
1-1: Ground out 4-3 (Groundball, 4, EV 93.1 MPH)
Victor Robles to third
Batting: RHB Javier Baez 0-0: Ball
1-0: Called Strike
1-1: Called Strike
1-2: Ground out 6-3 (Groundball, 6, EV 93.1 MPH)
Victor Robles scores
Batting: LHB Michael Conforto 0-0: Called Strike
0-1: Fly out, F8 (Flyball, 89XD, EV 95.0 MPH)
Bottom of the 1st over - 1 run, 1 hit, 0 errors, 0 left on base; Los Angeles 0 - Miami 1
TOP OF THE 2ND
Los Angeles Dodgers batting - Pitching for Miami Marlins : RHP Daniel Gossett
Batting: RHB Jonathan Schoop 0-0: Ball
1-0: Fly out, F8 (Flyball, 8LD, EV 85.0 MPH)
Batting: SHB Eduardo Escobar 0-0: Called Strike
0-1: Reached on error, E6 (Popup, 6M, EV 68.1 MPH)
Batting: RHB Jesus Aguilar 0-0: Ball
1-0: Called Strike
1-1: Called Strike
1-2: Strikes out swinging
Batting: RHB Randal Grichuk 0-0: Called Strike
0-1: Foul Ball, location: 2F
0-2: Ball
1-2: Foul Ball, location: 2F
1-2: Foul Ball, location: 2F
1-2: Ball
2-2: Foul Ball, location: 2F
2-2: Foul Ball, location: 2F
2-2: Fly out, F7 (Flyball, 7D, EV 85.0 MPH)
Top of the 2nd over - 0 runs, 0 hits, 1 error, 1 left on base; Los Angeles 0 - Miami 1
BOTTOM OF THE 2ND
Miami Marlins batting - Pitching for Los Angeles Dodgers : RHP Marcus Stroman
Batting: RHB Miguel Andujar 0-0: Ball
1-0: Foul Ball, location: 2F
1-1: Ground out 5-3 (Groundball, 56S, EV 65.6 MPH)
Batting: LHB Kyle Tucker 0-0: Called Strike
0-1: Fly out, F9 (Line Drive, 9, EV 91.3 MPH)
Batting: RHB Raudy Read 0-0: Ball
1-0: Ground out 5-3 (Groundball, 56, EV 86.9 MPH)
Bottom of the 2nd over - 0 runs, 0 hits, 0 errors, 0 left on base; Los Angeles 0 - Miami 1
TOP OF THE 3RD
Los Angeles Dodgers batting - Pitching for Miami Marlins : RHP Daniel Gossett
Batting: RHB Mike Zunino 0-0: Ball
1-0: Ball
2-0: Foul Ball, location: 2F
2-1: Fly out, F8 (Line Drive, 8RD, EV 89.4 MPH)
Batting: RHB Marcus Stroman 0-0: Ball
1-0: Foul Ball, location: 2F
1-1: Foul Ball, location: 2F
1-2: Fly out, F7 (Flyball, 7S, EV 81.9 MPH)
Batting: RHB Jose Peraza 0-0: Ball
1-0: SINGLE (Groundball, 4MD, EV 103.8 MPH)
Batting: RHB Mookie Betts 0-0: Ball
1-0: Ball
2-0: Ball
3-0: Called Strike
3-1: Fly out, F8 (Flyball, 8LXD, EV 100.0 MPH)
Top of the 3rd over - 0 runs, 1 hit, 0 errors, 1 left on base; Los Angeles 0 - Miami 1
BOTTOM OF THE 3RD
Miami Marlins batting - Pitching for Los Angeles Dodgers : RHP Marcus Stroman
Batting: RHB C.J. Cron 0-0: Ball
1-0: Ball
2-0: Foul Ball, location: 2F
2-1: Ball
3-1: Foul Ball, location: 2F
3-2: Strikes out looking
Batting: RHB Daniel Gossett 0-0: Fly out, F8 (Line Drive, 8RM, EV 86.9 MPH)
Batting: RHB Victor Robles 0-0: Ball
1-0: Called Strike
1-1: Ball
2-1: Foul Ball, location: 2F
2-2: Fly out, F9 (Flyball, 89M, EV 91.3 MPH)
Bottom of the 3rd over - 0 runs, 0 hits, 0 errors, 0 left on base; Los Angeles 0 - Miami 1
TOP OF THE 4TH
Los Angeles Dodgers batting - Pitching for Miami Marlins : RHP Daniel Gossett
Batting: LHB Michael Brantley 0-0: Ball
1-0: Called Strike
1-1: Foul Ball, location: 2F
1-2: Foul Ball, location: 2F
1-2: Foul Ball, location: 2F
1-2: Fly out, F8 (Flyball, 8RS, EV 88.8 MPH)
Batting: RHB Jonathan Schoop 0-0: Ball
1-0: Swinging Strike
1-1: Swinging Strike
1-2: Strikes out swinging
Batting: SHB Eduardo Escobar 0-0: Called Strike
0-1: Ball
1-1: Foul Ball, location: 2F
1-2: Ball
2-2: Ball
3-2: Foul Ball, location: 2F
3-2: Fly out, F6 (Popup, 6M, EV 71.3 MPH)
Top of the 4th over - 0 runs, 0 hits, 0 errors, 0 left on base; Los Angeles 0 - Miami 1
BOTTOM OF THE 4TH
Miami Marlins batting - Pitching for Los Angeles Dodgers : RHP Marcus Stroman
Batting: SHB Francisco Lindor 0-0: Called Strike
0-1: Foul Ball, location: 2F
0-2: SINGLE (Groundball, 6MD, EV 83.1 MPH) (infield hit)
Batting: RHB Javier Baez 0-0: Swinging Strike
0-1: Ball
1-1: Foul Ball, location: 2F
1-2: Ball
2-2: Foul Ball, location: 2F
2-2: Strikes out swinging
Batting: LHB Michael Conforto 0-0: Called Strike
0-1: Ball
1-1: Ball
2-1: Grounds into double play, 4-6-3 (Groundball, 4, EV 103.8 MPH)
Bottom of the 4th over - 0 runs, 1 hit, 0 errors, 0 left on base; Los Angeles 0 - Miami 1
TOP OF THE 5TH
Los Angeles Dodgers batting - Pitching for Miami Marlins : RHP Daniel Gossett
Batting: RHB Jesus Aguilar 0-0: Swinging Strike
0-1: Called Strike
0-2: Ball
1-2: Strikes out swinging
Batting: RHB Randal Grichuk 0-0: Foul Ball, location: 2F
0-1: Ball
1-1: Ball
2-1: Called Strike
2-2: Foul Ball, location: 2F
2-2: Strikes out swinging
Batting: RHB Mike Zunino 0-0: Called Strike
0-1: Ground out 6-3 (Groundball, 6, EV 80.0 MPH)
Top of the 5th over - 0 runs, 0 hits, 0 errors, 0 left on base; Los Angeles 0 - Miami 1
BOTTOM OF THE 5TH
Miami Marlins batting - Pitching for Los Angeles Dodgers : RHP Marcus Stroman
Batting: RHB Miguel Andujar 0-0: Called Strike
0-1: Ground out 1-3 (Groundball, 13S, EV 68.8 MPH)
Batting: LHB Kyle Tucker 0-0: SINGLE (Groundball, 25, EV 71.3 MPH) (infield hit)
Batting: RHB Raudy Read 0-0: Ball
1-0: Ball
2-0: Ball
3-0: Called Strike
3-1: Grounds into double play, 6-4-3 (Groundball, 6, EV 85.6 MPH)
Bottom of the 5th over - 0 runs, 1 hit, 0 errors, 0 left on base; Los Angeles 0 - Miami 1
TOP OF THE 6TH
Los Angeles Dodgers batting - Pitching for Miami Marlins : RHP Daniel Gossett
Batting: RHB Marcus Stroman 0-0: Swinging Strike
0-1: Ball
1-1: Swinging Strike
1-2: Foul Ball, location: 2F
1-2: Ball
2-2: Foul Ball, location: 2F
2-2: Ball
3-2: Foul Ball, location: 2F
3-2: Foul Ball, location: 2F
3-2: Strikes out looking
Batting: RHB Jose Peraza 0-0: Ball
1-0: Ball
2-0: Swinging Strike
2-1: Ball
3-1: Base on Balls
Batting: RHB Mookie Betts 0-0: Foul Ball, location: 2F
0-1: Ball
1-1: Foul Ball, location: 2F
1-2: Ball
2-2: Fielders Choice at 2nd, 6-4 (Groundball, 56D, EV 93.1 MPH)
Batting: LHB Michael Brantley 0-0: Called Strike
0-1: Ball
1-1: Ball
2-1: Ball
3-1: Fly out, F8 (Flyball, 8RM, EV 89.4 MPH)
Top of the 6th over - 0 runs, 0 hits, 0 errors, 1 left on base; Los Angeles 0 - Miami 1
BOTTOM OF THE 6TH
Miami Marlins batting - Pitching for Los Angeles Dodgers : RHP Marcus Stroman
Batting: RHB C.J. Cron 0-0: Called Strike
0-1: Fly out, F8 (Flyball, 8LM, EV 96.3 MPH)
Batting: RHB Daniel Gossett 0-0: Ball
1-0: Called Strike
1-1: Ball
2-1: Swinging Strike
2-2: Strikes out looking
Batting: RHB Victor Robles 0-0: Called Strike
0-1: Called Strike
0-2: Reached on error, E6 (Groundball, 6MD, EV 77.5 MPH)
Batting: SHB Francisco Lindor Pickoff Throw to First - Out! 1-3
Bottom of the 6th over - 0 runs, 0 hits, 1 error, 0 left on base; Los Angeles 0 - Miami 1
TOP OF THE 7TH
Los Angeles Dodgers batting - Pitching for Miami Marlins : RHP Daniel Gossett
Batting: RHB Jonathan Schoop 0-0: Ball
1-0: Ball
2-0: Foul Ball, location: 2F
2-1: Ball
3-1: Base on Balls
Batting: SHB Eduardo Escobar 0-0: Ball
1-0: Called Strike
1-1: Ball
2-1: Ball
3-1: Foul Ball, location: 2F
3-2: Base on Balls
Jonathan Schoop to second
Batting: RHB Jesus Aguilar 0-0: Ball
1-0: Foul Ball, location: 2F
1-1: Ball
2-1: Called Strike
2-2: Foul Ball, location: 2F
2-2: Ground out 5-3 (Groundball, 56S, EV 72.5 MPH)
Jonathan Schoop to third
Eduardo Escobar to second
Batting: RHB Randal Grichuk 0-0: Ball
1-0: Ball
2-0: Ball
3-0: Foul Ball, location: 2F
3-1: Base on Balls
Batting: RHB Mike Zunino 0-0: Ball
1-0: Called Strike
1-1: Fly out, F7 (Flyball, 7LM, EV 81.9 MPH)
Pinch Hitting: RHB Miguel Sano 0-0: Ball
1-0: Called Strike
1-1: Called Strike
1-2: Ball
2-2: Foul Ball, location: 2F
2-2: Ball
3-2: Base on Balls
Jonathan Schoop scores
Eduardo Escobar to third
Randal Grichuk to second
Pitching: RHP Ian Kennedy
Batting: RHB Jose Peraza 0-0: Ball
1-0: Ball
2-0: Ball
3-0: Called Strike
3-1: Swinging Strike
3-2: SINGLE (Line Drive, 78S, EV 95.6 MPH)
Eduardo Escobar scores
Randal Grichuk to third
Miguel Sano to second
Randal Grichuk scores
Miguel Sano to third
Batting: RHB Mookie Betts 0-0: Fielders Choice at 2nd, 6-4 (Groundball, 6, EV 84.4 MPH)
Top of the 7th over - 3 runs, 1 hit, 0 errors, 2 left on base; Los Angeles 3 - Miami 1
BOTTOM OF THE 7TH
Miami Marlins batting - Pitching for Los Angeles Dodgers : RHP Marcus Stroman
Pitching: RHP Hunter Strickland
Batting: SHB Francisco Lindor 0-0: Called Strike
0-1: Fly out, F7 (Flyball, 7, EV 83.1 MPH)
Batting: RHB Javier Baez 0-0: Ball
1-0: SINGLE (Flyball, 5D, EV 99.4 MPH)
Batting: LHB Michael Conforto 0-0: Ball
1-0: Fly out, F7 (Flyball, 7LD, EV 94.4 MPH)
Batting: RHB Miguel Andujar 0-0: Ball
1-0: Fly out, F7 (Line Drive, 7D, EV 88.1 MPH)
Bottom of the 7th over - 0 runs, 1 hit, 0 errors, 1 left on base; Los Angeles 3 - Miami 1
TOP OF THE 8TH
Los Angeles Dodgers batting - Pitching for Miami Marlins : RHP Ian Kennedy
Batting: LHB Michael Brantley 0-0: Ball
1-0: Ball
2-0: SINGLE (Line Drive, 7S, EV 105.6 MPH)
Batting: RHB Jonathan Schoop 0-0: Called Strike
0-1: Ball
1-1: Foul Ball, location: 2F
1-2: Ball
2-2: Ball
3-2: Foul Ball, location: 2F
3-2: Foul Ball, location: 2F
3-2: Strikes out swinging
Batting: SHB Eduardo Escobar 0-0: Fielders Choice at 2nd, 5-4 (Groundball, 5, EV 80.0 MPH)
Batting: RHB Jesus Aguilar 0-0: Called Strike
0-1: Foul Ball, location: 2F
0-2: Ground out 5-3 (Groundball, 56S, EV 72.5 MPH)
Top of the 8th over - 0 runs, 1 hit, 0 errors, 1 left on base; Los Angeles 3 - Miami 1
BOTTOM OF THE 8TH
Miami Marlins batting - Pitching for Los Angeles Dodgers : RHP Hunter Strickland
Pitching: RHP Scott Oberg
Batting: LHB Kyle Tucker 0-0: Ball
1-0: Swinging Strike
1-1: Ball
2-1: Foul Ball, location: 2F
2-2: Strikes out looking
Batting: RHB Raudy Read 0-0: Ball
1-0: Swinging Strike
1-1: Called Strike
1-2: Strikes out swinging
Batting: RHB C.J. Cron 0-0: Foul Ball, location: 2F
0-1: SINGLE (Line Drive, 5D, EV 112.5 MPH)
Pinch Hitting: LHB Brandon Belt 0-0: Ground out 1-3 (Groundball, P, EV 66.9 MPH)
Bottom of the 8th over - 0 runs, 1 hit, 0 errors, 1 left on base; Los Angeles 3 - Miami 1
TOP OF THE 9TH
Los Angeles Dodgers batting - Pitching for Miami Marlins : RHP Ian Kennedy
Pitching: RHP Emmanuel Clase
Batting: RHB Randal Grichuk 0-0: Ball
1-0: Swinging Strike
1-1: Foul Ball, location: 2F
1-2: Ball
2-2: Strikes out looking
Batting: RHB Mike Zunino 0-0: Ball
1-0: Called Strike
1-1: Foul Ball, location: 2F
1-2: DOUBLE (Flyball, 89XD, EV 105.0 MPH)
Pinch Hitting: LHB Brett Gardner 0-0: Ball
1-0: Hit by Pitch
Batting: RHB Jose Peraza 0-0: Called Strike
0-1: Grounds into double play, 4-6-3 (Groundball, 34, EV 83.1 MPH)
Top of the 9th over - 0 runs, 1 hit, 0 errors, 1 left on base; Los Angeles 3 - Miami 1
BOTTOM OF THE 9TH
Miami Marlins batting - Pitching for Los Angeles Dodgers : RHP Scott Oberg
Pitching: RHP Cody Allen
Batting: RHB Victor Robles 0-0: Called Strike
0-1: Fly out, F8 (Line Drive, 8RD, EV 96.3 MPH)
Batting: SHB Francisco Lindor 0-0: Swinging Strike
0-1: Fly out, F8 (Flyball, 8LS, EV 78.8 MPH)
Batting: RHB Javier Baez 0-0: SINGLE (Groundball, 4MD, EV 108.1 MPH)
Batting: LHB Michael Conforto 0-0: Called Strike
0-1: 2-RUN HOME RUN (Flyball, 9D, EV 93.1 MPH), Distance : 390 ft
Batting: RHB Miguel Andujar 0-0: Foul Ball, location: 2F
0-1: Ball
1-1: Fly out, F9 (Flyball, 9LD, EV 101.3 MPH)
Bottom of the 9th over - 2 runs, 2 hits, 0 errors, 0 left on base; Los Angeles 3 - Miami 3
TOP OF THE 10TH
Los Angeles Dodgers batting - Pitching for Miami Marlins : RHP Emmanuel Clase
Pitching: RHP Jordan Hicks
Batting: RHB Mookie Betts 0-0: Ball
1-0: Ball
2-0: Foul Ball, location: 2F
2-1: Ball
3-1: Ground out 6-3 (Groundball, 6, EV 78.8 MPH)
Batting: LHB Michael Brantley 0-0: Ball
1-0: Ball
2-0: Ground out 4-3 (Groundball, 4, EV 101.3 MPH)
Batting: RHB Jonathan Schoop 0-0: Called Strike
0-1: Ball
1-1: SOLO HOME RUN (Flyball, 7LD, EV 93.8 MPH), Distance : 375 ft
Batting: SHB Eduardo Escobar 0-0: Ball
1-0: Ball
2-0: Ball
3-0: Base on Balls
Batting: RHB Jesus Aguilar 0-0: Called Strike
0-1: Ball
1-1: Swinging Strike
1-2: Ball
2-2: Strikes out swinging
Top of the 10th over - 1 run, 1 hit, 0 errors, 1 left on base; Los Angeles 4 - Miami 3
BOTTOM OF THE 10TH
Miami Marlins batting - Pitching for Los Angeles Dodgers : RHP Cody Allen
Batting: LHB Kyle Tucker 0-0: Ball
1-0: Ball
2-0: Ball
3-0: Called Strike
3-1: Swinging Strike
3-2: Base on Balls
Batting: RHB Raudy Read 0-0: Ball
Kyle Tucker is caught stealing 2nd base 2-4
1-0: SINGLE (Groundball, 6MD, EV 103.8 MPH)
Batting: RHB C.J. Cron 0-0: Called Strike
0-1: Ball
1-1: Grounds into double play, 6-4-3 (Groundball, 6, EV 85.0 MPH)
Bottom of the 10th over - 0 runs, 1 hit, 0 errors, 0 left on base; Los Angeles 4 - Miami 3
Friday, September 18th, 2020 - OOTP Baseball 21.5 Build 76